Map: Vigília Leste LE

Players

HAYDEAN

  • Race: Terran Terran
  • League: Silver
  • Spawn Location: 7:00

IagoAbreu - Winner!

  • Race: Zerg Zerg
  • League: Silver
  • Spawn Location: 1:00

VOD

Have the link to the VOD?

Description

Time

  • Played on: March 7, 2018, 12:52 p.m.
  • Length: 6:18
Show
View Real Time Build Order
Export as new Build Order

HAYDEAN Terran 

Build Orders:  

Get SALT Encoding   

Show
View Real Time Build Order
Export as new Build Order

IagoAbreu Zerg - Winner!

Build Orders: Pool First 

Get SALT Encoding   

  12  0:07  Overlord  
  12  0:13  Drone  
  13  0:17  Drone  
  14  0:35  Spawning Pool  
  14  0:41  Drone  
  14  0:44  Drone  
  14  0:48  Drone  
  16  0:57  Overlord  
  16  1:04  Drone  
  17  1:09  Extractor  
  16  1:21  Drone  
  17  1:26  Queen  
  20  1:32  Zergling x2  
  20  1:41  Drone  
  21  1:50  Zergling x2  
  22  1:59  Drone  
  23  2:04  Hatchery  
  22  2:10  Zergling x2  
  23  2:21  Drone  
  24  2:27  Lair  
  24  2:31  Zergling x2  
  25  2:41  Zergling x6  
  28  2:48  Zergling x2  
  29  2:55  Roach Warren  
  29  2:56  Drone  
  29  3:15  Drone  
  29  3:16  Overlord x2  
  29  3:17  Overlord  
  30  3:27  Extractor  
  29  3:42  Drone x3  
  29  3:45  Burrow  
  32  4:04  Roach x5  
  32  4:09  Drone x2  
  44  4:10  Queen  
  44  4:17  Drone  
  47  4:21  Drone  
  48  4:31  Drone  
  49  4:34  Drone x3  
  52  4:46  Hatchery, Drone  
  52  4:52  Evolution Chamber  
  51  5:01  Hydralisk Den  
  51  5:04  Pneumatized Carapace  
  51  5:06  Drone x2  
  52  5:15  Drone x3  
Tags
 
Add a new tag
Caveats
  • Supply blocks, unpowered buildings, or Contaminate may cause inaccurate times.
  • Supply counts are checked every 10 seconds.